 Dungeon Crawl Stone Soup version 0.16-a0-3280-g3a29b53 (webtiles) character file.

67 Minkie the Sneak (level 3, -2/24 HPs)
             Began as a Vampire Enchanter on Dec 24, 2014.
             Killed from afar by Sigmund (8 damage)
             ... with a puff of flame
             ... on level 2 of the Dungeon.
             The game lasted 00:07:57 (3167 turns).

Minkie the Sneak (Vampire Enchanter)                Turns: 3167, Time: 00:07:57

Health: -2/24      AC:  3    Str:  7    XL:     3   Next: 98%
Magic:  0/6        EV: 12    Int: 18    God:
Gold:   39         SH:  0    Dex: 14    Spells: 2 memorised, 3 levels left

rFire  . . .     SeeInvis +     a - +1 dagger
rCold  + + .     Clarity  .     b - +1 robe
rNeg   + + +     SustAb   .     (no shield)
rPois  +         Gourm    .     (no helmet)
rElec  .         Spirit   .     (no cloak)
rCorr  .         Warding  .     (no gloves)
rMut   .         Stasis   .     (no boots)
MR     .....                    (no amulet)
Stlth  ++........               (no ring)
                                (no ring)

@: confused, regenerating slowly, not resistant to hostile enchantments,
unstealthy
A: bottle blood, fangs 3, see invisible, unbreathing
a: Bat Form


You were on level 2 of the Dungeon.
You were near bloodless.

You visited 1 branch of the dungeon, and saw 2 of its levels.

You collected 39 gold pieces.

Inventory:

Hand weapons
 a - a +1 dagger (weapon)
Armour
 b - a +1 robe (worn)
Jewellery
 f - a cursed -2 ring of strength {unknown}
Scrolls
 e - a scroll of amnesia {unknown}
 i - a scroll of remove curse {unknown}
 j - a scroll of teleportation {unknown}
 k - a scroll of recharging {unknown}
 l - 3 scrolls of identify {unknown}
Potions
 d - 2 potions of blood
 g - a potion of brilliance {unknown}
 h - 3 potions of agility {unknown}
Books
 c - a book of Maledictions

   Spells                             Type                      Level
   a - Corona                         Hexes                        1
   b - Sure Blade                     Hexes/Charms                 2
   c - Ensorcelled Hibernation        Hexes/Ice                    2
   d - Confuse                        Hexes                        3
   e - Dazzling Spray                 Conjuration/Hexes            3
   f - Enslavement                    Hexes                        4


   Skills:
 + Level 2.5 Short Blades
 - Level 2.1 Dodging
 + Level 5.5 Stealth
 - Level 2.0 Spellcasting
 + Level 5.5 Hexes


You had 3 spell levels left.
You knew the following spells:

 Your Spells              Type           Power        Failure   Level  Hunger
a - Corona                Hex            ###....      1%          1    #......
b - Ensorcelled Hibernat  Hex/Ice        ##....       12%         2    ###....


Dungeon Overview and Level Annotations

Branches:
Dungeon (2/15)

Altars:
Trog

Annotations:
D:1 exclusion: downstairs
D:2 Sigmund


Innate Abilities, Weirdness & Mutations

You heal slowly.
You can bottle blood from corpses.
You have razor-sharp teeth.
You have supernaturally acute eyesight.
You can survive without breathing.


Message History

You resist with some effort.
There is a stone staircase leading down here.
There is an escape hatch in the floor here.
Sigmund points at you and mumbles some strange words.
You are confused.
Sigmund hits you from afar with an antimagic scythe!
You feel your power leaking away.
You feel less confused.
Sigmund screams, "Don't try to resist!"
Sigmund gestures at you while chanting. The puff of flame misses you.
Sigmund points at you and mumbles some strange words.
The puff of flame hits you!
* * * LOW HITPOINT WARNING * * *
Sigmund gestures at you while chanting.
You are confused.
You bump into the rock wall.
Sigmund gestures at you while chanting. The puff of flame hits you!
You die...

##.....# #............##
###....# #....(.....#..#
###....# #.^(.......##.###
.##....# #...@.?....#....#
.##....# ##.........#....#
.###.#### ####.####......#
........######..##.....####
.#.....รท.........#........#
.......########.@#.....##.#
.......# #........# .
.####### #..#.....# ##
##.......# # ##......#
#......# #.###### #.# #.#


You could see Sigmund.

Vanquished Creatures
  2 adders
  A worm (D:1)
  A ball python (D:2)
  3 giant cockroaches (D:1)
  6 hobgoblins
  4 jackals (D:1)
  4 kobolds
  A quokka (D:2)
  5 bats
  3 giant geckos
  A giant newt (D:2)
  3 goblins (D:1)
  4 rats
38 creatures vanquished.

Notes
Turn   | Place    | Note
--------------------------------------------------------------
     0 | D:1      | Minkie, the Vampire Enchanter, began the quest for the Orb.
     0 | D:1      | Reached XP level 1. HP: 13/13 MP: 3/3
     6 | D:1      | Noticed a black bear
     6 | D:1      | Noticed a fire drake
     6 | D:1      | Noticed a salamander
   487 | D:1      | Reached XP level 2. HP: 8/19 MP: 4/4
   491 | D:1      | Learned a level 2 spell: Ensorcelled Hibernation
  1110 | D:1      | Reached skill level 5 in Hexes
  1153 | D:1      | Reached skill level 5 in Stealth
  1527 | D:2      | Found a bloodstained altar of Trog.
  1534 | D:2      | Reached XP level 3. HP: 24/24 MP: 6/6
  1550 | D:2      | Noticed Sigmund
  3167 | D:2      | Killed from afar by Sigmund

Action                   || total
-------------------------++-------
Melee: Dagger            ||   123
 Cast: Ensorcelled Hiber ||    12
 Stab: Sleeping          ||    14
       Distracted        ||     1
  Eat: Corpse            ||     1
